 Dungeon Crawl Stone Soup version 0.29.1-1-gd02db6906a (webtiles) character file.

Game seed: 3100778362985959601

448 bigcathouse the Trooper (level 6, 0/47 (49) HPs)
             Began as a Demonspawn Gladiator on Sept 18, 2022.
             Was an Initiate of Okawaru.
             Slain by Duvessa
             ... wielding a +7 short sword of distortion
              (4 damage)
             ... on level 4 of the Dungeon.
             The game lasted 00:16:20 (4324 turns).

bigcathouse the Trooper (Demonspawn Gladiator)      Turns: 4324, Time: 00:16:22

HP:   0/47 (49)     AC:  7    Str: 16    XL:     6   Next: 73%
MP:   6/6           EV: 11    Int:  9    God:    Okawaru [......]
Gold: 217           SH:  4    Dex: 17    Spells: 5/5 levels left

rFire   + . .      SeeInvis .   a - +0 war axe
rCold   + . .      Faith    +   t - +0 buckler
rNeg    . . .      Spirit   .   l - +2 ring mail {rC+}
rPois   .          Reflect  .   (helmet restricted)
rElec   .          Harm     .   (no cloak)
rCorr   .          Rampage  .   (no gloves)
Will    .....                   (no boots)
Stlth   ++........              v - amulet of faith
HPRegen 0.15/turn               w - ring of protection from fire
MPRegen 0.10/turn               (no ring)

@: lightly drained
A: horns 1, thin skeletal structure 1, foul stench 1
a: Renounce Religion


You were on level 4 of the Dungeon.
You worshipped Okawaru.
Okawaru was noncommittal.
You visited 2 branches of the dungeon, and saw 5 of its levels.

You collected 217 gold pieces.

Inventory:

Hand Weapons
 a - a +0 war axe (weapon)
Missiles
 d - 3 throwing nets (quivered)
 e - a javelin
Armour
 b - a +0 leather armour
 c - a +0 helmet
 l - a +2 ring mail of cold resistance (worn)
 t - a +0 buckler (worn)
Jewellery
 v - an amulet of faith (around neck)
 w - a ring of protection from fire (left hand)
Scrolls
 f - a scroll of noise {unknown}
 h - 5 scrolls of identify {unknown}
 j - a scroll of vulnerability {unknown}
 m - 2 scrolls of teleportation {unknown}
 o - 2 scrolls of acquirement {unknown}
 q - a scroll of summoning {unknown}
Potions
 g - 2 potions of lignification {unknown}
 i - a potion of might {unknown}
 k - 3 potions of degeneration {unknown}
 n - 2 potions of haste
 p - a potion of brilliance {unknown}
 r - a potion of attraction {unknown}
 s - a potion of heal wounds {unknown}
 u - a potion of magic {unknown}


   Skills:
 + Level 4.5 Fighting
 + Level 4.5 Axes
 - Level 1.7 Throwing
 + Level 3.4 Armour
 - Level 2.6 Dodging


You had 5 spell levels left.
You didn't know any spells.
Your spell library contained the following spells:

 Spells                   Type           Power      Damage    Failure   Level
 Magic Dart               Conj           0%         1d3       71%         1
 Mephitic Cloud           Conj/Pois/Air  0%         N/A       97%         3
 Call Imp                 Summ           Unusable   N/A       N/A         2

Dungeon Overview and Level Annotations

Branches:
Dungeon (4/15)             Temple (1/1) D:4

Altars:
Ashenzari
Cheibriados
Dithmenos
Gozag
Hepliaklqana
Kikubaaqudgha
Makhleb
Okawaru
Qazlal
Ru
Sif Muna
Trog
Vehumet
Wu Jian

Annotations:
D:4 Duvessa


Innate Abilities, Weirdness & Mutations

You have a pair of small horns on your head.
You have a somewhat thin skeletal structure. (Dex +2, Stealth+)
You may rarely emit foul miasma when damaged in melee.


Message History

The adder misses you. The adder barely misses you.
You miss the adder. Your headbutt misses the adder.
The adder is moderately wounded.
You block the adder's attack. The adder bites you but does no damage.
You hit the adder. You headbutt the adder.
You kill the adder!
Okawaru accepts your kill.
You hit Dowan.
Dowan is lightly wounded.
Dowan barely misses you.
You hit Dowan.
Dowan is moderately wounded.
You block Dowan's attack.
Dowan hits you with a +4 dagger of venom.
You closely miss Dowan. You headbutt Dowan, but do no damage.
Dowan is moderately wounded.
Dowan hits you with a +4 dagger of venom.
You slash Dowan! You headbutt Dowan, but do no damage.
Dowan is severely wounded.
Dowan closely misses you.
Dowan smirks and points a slender finger.
Dowan hits you with a +4 dagger of venom.
You slash Dowan!
You kill Dowan!
Okawaru accepts your kill.
You hear a distant scream of rage.
Things that are here:
a +4 dagger of venom; a +0 robe Duvessa, Sister of Dowan comes into view.
She is wielding a +7 short sword of distortion.
You start resting.
Duvessa is nearby!
Duvessa goes berserk!
You hit Duvessa but do no damage. Duvessa barely misses you.
Duvessa hits you with a +7 short sword of distortion!
Space warps horribly around you!!
* * * LOW HITPOINT WARNING * * *
Duvessa hits you with a +7 short sword of distortion.
* * * LOW HITPOINT WARNING * * *
Space warps horribly around you.
You die...

##.................# #.........
#......<..........# ##.........
.................## #...........
..................###..........).
............).....#..............
...............................#.
...............#...#.........>...
.#########....................###
## ##...#.@e............### #
#..#####...........##.. ####
###............#..
#.................
#..)...........#..
##..##########..#..
#.....(.#.)......#..#..
#....#..'⌠......⌠'†####
#....#..#.._.._..#.#


You could see Duvessa (berserk).

Vanquished Creatures
  An ogre (D:4)
  A necrophage (D:4)
  Dowan (D:4)
  An orc priest (D:3)
  Terence (D:2)
  2 iguanas
  Robin (D:2)
  4 adders
  2 worms
  8 orcs
  9 ball pythons
  7 endoplasms
  2 giant cockroaches (D:1)
  17 goblins
  8 hobgoblins
  2 jackals (D:4)
  7 quokkas
  7 bats
  2 frilled lizards
  5 kobolds
  2 rats
90 creatures vanquished.

Vanquished Creatures (others)
  A human (D:3)
1 creature vanquished.

Grand Total: 91 creatures vanquished

Notes
Turn   | Place    | Note
-------+----------+-------------------------------------------
     0 | D:1      | bigcathouse the Demonspawn Gladiator began the quest for
                  | the Orb.
     0 | D:1      | Reached XP level 1. HP: 16/16 MP: 1/1
   249 | D:1      | Gained mutation: You may rarely emit foul miasma when
                  | damaged in melee. [demonic ancestry]
   249 | D:1      | Reached XP level 2. HP: 22/22 MP: 2/2
   457 | D:1      | Reached skill level 1 in Armour
   959 | D:1      | Found a faded altar of an unknown god.
  1306 | D:2      | Reached XP level 3. HP: 14/28 MP: 3/3
  1541 | D:2      | Noticed Terence
  1550 | D:2      | Killed Terence
  1567 | D:2      | Reached XP level 4. HP: 22/35 MP: 4/4
  2025 | D:2      | Noticed Robin
  2041 | D:2      | Killed Robin
  2482 | D:3      | Found an ancient bone altar of Kikubaaqudgha.
  2483 | D:3      | Noticed a human
  2485 | D:3      | Killed a human
  2943 | D:3      | Gained mutation: You have a somewhat thin skeletal
                  | structure. (Dex +2, Stealth+) [demonic ancestry]
  2943 | D:3      | Reached XP level 5. HP: 37/41 MP: 5/5
  3503 | D:4      | Found a staircase to the Ecumenical Temple.
  3513 | Temple   | Entered the Ecumenical Temple
  3526 | Temple   | Became a worshipper of Warmaster Okawaru
  3656 | D:4      | Noticed a black bear
  3789 | D:4      | Noticed an ogre
  3798 | D:4      | Killed an ogre
  3799 | D:4      | Gained mutation: You have a pair of small horns on your
                  | head. [demonic ancestry]
  3799 | D:4      | Reached XP level 6. HP: 20/48 MP: 6/6
  4030 | D:4      | Found a sacrificial altar of Ru.
  4095 | D:4      | Found a broken altar of Ashenzari.
  4095 | D:4      | Found a burning altar of Makhleb.
  4297 | D:4      | Noticed Dowan
  4309 | D:4      | Killed Dowan
  4311 | D:4      | Noticed Duvessa
  4324 | D:4      | Slain by Duvessa

Illustrated notes

Levels and vault maps discovered:
D:1:      sevenhm_arrival_forest_fort_large_4, layout_loops_corners,
          dreamdust_ecumenical_altar_angels_and_demons
D:2:      layout_loops_cross, uniq_robin, uniq_terence
D:3:      layout_loops_cross, tgw_kikubaaqudgha, kennysheep_pointless_box,
          minmay_fountain_box
D:4:      layout_rooms, jmf_multi_god_temple, nicolae_ru_the_path_less_chosen,
          minmay_temple_entry_statues_fountains, grunt_ministairs_11,
          uniq_duvessa
Temple:   nicolae_temple_ecumenical_triangle

Skill      XL: |  1  2  3  4  5 |
---------------+----------------+-----
Axes           | 3 4 |  4.5
Armour         | 1 2 3 |  3.4
Fighting       | 3 4 |  4.5
Throwing       | |  1.7
Dodging        | |  2.6

Action                   |  1- 3 |  4- 6 || total
-------------------------+-------+-------++-------
Melee: War axe           |    96 |   168 ||   264
       Punch             |     1 |     1 ||     2
       Headbutt          |       |     6 ||     6
 Stab: Sleeping          |       |     2 ||     2
Armor: Leather armour    |    13 |       ||    13
       Ring mail         |    29 |    75 ||   104
Dodge: Dodged            |    86 |   115 ||   201
Block: Buckler           |       |    15 ||    15
